 Dungeon Crawl Stone Soup version 0.26-a0-54-g15ccc7a (webtiles) character file.

Game seed: 6836809498214765590

191228 Firecrotchwizard the Champion of Chaos (level 17, -7/143 HPs)
             Began as a Demonspawn Fighter on June 7, 2020.
             Was the Champion of Makhleb.
             Mangled by a wolf spider (20 damage)
             ... on level 4 of the Spider Nest on June 8, 2020.
             The game lasted 01:29:21 (31833 turns).

Firecrotchwizard the Champion of Chaos (DsFi)      Turns: 31833, Time: 01:29:22

Health: -7/143     AC: 11    Str: 22    XL:     17   Next: 57%
Magic:  0/29       EV: 11    Int: 10    God:    Makhleb [******]
Gold:   5297       SH:  0    Dex: 14    Spells: 16/16 levels left

rFire    + . .     SeeInvis .   a - +9 demon blade (flame)
rCold    x . .     Gourm    .   c - +0 kite shield
rNeg     + + .     Faith    .   Q - +2 storm dragon scales
rPois    +         Spirit   .   X - +0 hat of Rihogo {rC- rN+ Slay+5}
rElec    +         Reflect  +   G - +2 cloak
rCorr    .         Harm     .   j - +0 pair of gloves {archery}
MR       +....                  (boots unavailable)
Stlth    ..........             v - amulet of reflection
HPRegen  0.33/turn              n - ring of poison resistance {rPois, !d}
MPRegen  0.21/turn              u - +4 ring of slaying

@: about to teleport, corroded, held, studying Long Blades, repel missiles
A: talons 3, repulsion field 3, demonic guardian 2, fire resistance 1, negative
energy resistance 1
}: 1/15 runes: decaying
a: Minor Destruction, Lesser Servant of Makhleb, Major Destruction, Greater
Servant of Makhleb, Renounce Religion


You were on level 4 of the Spider Nest.
You worshipped Makhleb.
Makhleb was exalted by your worship.
You were not hungry.

You visited 6 branches of the dungeon, and saw 31 of its levels.
You visited the Abyss 1 time.
You also visited: Gauntlet and Ice Cave.

You collected 6984 gold pieces.
You spent 1687 gold pieces at shops.

Inventory:

Hand Weapons
 a - a +9 demon blade of flaming (weapon)
   (You acquired it on level 4 of the Lair of Beasts)
 b - a +0 dagger of venom
   (You took it off an orc wizard on level 3 of the Dungeon)
 k - the +0 longbow "Newtbane" {freeze, rC+ Int+3}
   (You found it in a Gauntlet)

   It causes projectiles fired from it to freeze those they strike, causing
   extra injury to most foes and up to half again as much damage against
   particularly susceptible opponents.
   They can also slow down cold-blooded creatures.
   It affects your intelligence (+3).
   It protects you from cold.
Missiles
 l - 8 throwing nets {=f, !d}
 q - 13 curare-tipped darts
 Z - 16 silver javelins (quivered)
Armour
 c - a +0 kite shield (worn)
 j - a +0 pair of gloves of archery (worn)
   (You bought it in a shop on level 2 of the Orcish Mines)
 G - a +2 cloak (worn)
   (You took it off Maurice on level 9 of the Dungeon)
 Q - +2 storm dragon scales (worn)
   (You found it on level 10 of the Dungeon)
 X - the +0 hat of Rihogo (worn) {rC- rN+ Slay+5}
   (You found it in a Gauntlet)

   It affects your accuracy and damage with ranged weapons and melee attacks
   (+5).
   It makes you vulnerable to cold.
   It protects you from negative energy.
Jewellery
 n - a ring of poison resistance (left hand) {rPois, !d}
   (You found it in a Gauntlet)
 u - a +4 ring of slaying (right hand)
   (You found it on level 2 of the Dungeon)
 v - an amulet of reflection (around neck)
   (You found it on level 2 of the Dungeon)
 w - the amulet of the Air {Inacc +Fly rElec EV+5 RMsl}
   (You found it in an ice cave)

   [amulet of inaccuracy]

   It reduces the accuracy of all your attacks.
   It affects your evasion (+5).
   It insulates you from electricity.
   It lets you fly.
   It protects you from missiles.
 B - an uncursed ring of protection from cold {rC+, !d}
   (You took it off a gnoll on level 6 of the Dungeon)
 H - an uncursed ring of protection from cold {rC+, !d}
   (You found it on level 7 of the Dungeon)
 L - an uncursed ring of protection from fire {rF+, !d}
   (You found it on level 11 of the Dungeon)
 T - an uncursed ring of ice {rC+, rF-}
   (You took it off Fannar on level 12 of the Dungeon)
 V - an uncursed ring of positive energy {rN+}
   (You found it in a Gauntlet)
 Y - the ring of Plog {rF+ rC+}
   (You found it in a Gauntlet)

   [ring of protection from cold]

   It protects you from fire.
   It protects you from cold.
Wands
 E - a wand of digging (23)
   (You found it on level 7 of the Dungeon)
 M - a wand of acid (12)
   (You found it on level 10 of the Dungeon)
 R - a wand of clouds (10)
   (You found it on level 4 of the Lair of Beasts)
 U - a wand of enslavement (8)
   (You found it on level 4 of the Spider Nest)
Scrolls
 h - 14 scrolls of remove curse
 p - 10 scrolls of identify
 r - 5 scrolls of amnesia
 x - 4 scrolls of fear
 y - 2 scrolls of enchant armour
 K - 16 scrolls of teleportation
 N - 4 scrolls of magic mapping {!r}
 S - 3 scrolls of brand weapon
 W - a scroll of fog
Potions
 d - 5 potions of haste
 e - 10 potions of curing
 g - 5 potions of cancellation
 i - 11 potions of stabbing
 m - 6 potions of heal wounds
 o - 4 potions of invisibility
 s - 2 potions of mutation {!q}
 z - 5 potions of brilliance
 C - 5 potions of might
 D - 2 potions of flight
 F - 4 potions of berserk rage {!q}
 J - 2 potions of resistance
 O - a potion of ambrosia
Books
 I - a manual of Long Blades {!d}
   (You acquired it on level 2 of the Lair of Beasts)
Miscellaneous
 t - a lightning rod (4/4)
   (You found it on level 6 of the Lair of Beasts)
 A - 3 phantom mirrors
Comestibles
 f - 51 rations
 P - 9 chunks of flesh {@w0}


   Skills:
 + Level 15.7 Fighting
 - Level 14.7 Long Blades
 + Level 6.0 Armour
 - Level 10.0 Dodging
 + Level 14.6 Shields
 - Level 16.8 Invocations


You had 16 spell levels left.
You didn't know any spells.
Your spell library contained the following spells:

 Spells                   Type           Power        Failure   Level  Hunger
 Animate Skeleton         Necr           N/A          96%         1    ##.....
 Corona                   Hex            #......      96%         1    ##.....
 Freeze                   Ice            #...         96%         1    ##.....
 Magic Dart               Conj           #...         96%         1    ##.....
 Pain                     Necr           #...         96%         1    ##.....
 Summon Small Mammal      Summ           #...         96%         1    ##.....
 Blink                    Tloc           N/A          99%         2    ###....
 Call Imp                 Summ           #.......     99%         2    ###....
 Corpse Rot               Necr/Air       N/A          99%         2    ###....
 Ensorcelled Hibernation  Hex/Ice        #.....       99%         2    ###....
 Slow                     Hex            #.......     99%         2    ###....
 Call Canine Familiar     Summ           #.......     100%        3    ####...
 Confusing Touch          Hex            #.......     100%        3    ####...
 Conjure Flame            Conj/Fire      #.......     100%        3    ####...
 Dazzling Flash           Conj/Hex       #.....       100%        3    ####...
 Frozen Ramparts          Ice            #.....       100%        3    ####...
 Mephitic Cloud           Conj/Pois/Air  #.......     100%        3    ####...
 Ozocubu's Armour         Chrm/Ice       #.......     100%        3    ####...
 Stone Arrow              Conj/Erth      #.....       100%        3    ####...
 Summon Guardian Golem    Hex/Summ       #.......     100%        3    ####...
 Tukima's Dance           Hex            #.......     100%        3    ####...
 Vampiric Draining        Necr           #.........   100%        3    ####...
 Animate Dead             Necr           N/A          100%        4    #####..
 Hailstorm                Conj/Ice       #.......     100%        4    #####..
 Leda's Liquefaction      Hex/Erth       #.........   100%        4    #####..
 Summon Ice Beast         Ice/Summ       #.......     100%        4    #####..
 Summon Lightning Spire   Summ/Air       #.......     100%        4    #####..
 Agony                    Necr           #.......     100%        5    ######.
 Bolt of Magma            Conj/Fire/Erth #.........   100%        5    ######.
 Iskenderun's Battlesphe  Conj/Chrm      #.......     100%        5    ######.
 Silence                  Hex/Air        #.........   100%        5    ######.
 Summon Forest            Summ/Tloc      #.........   100%        5    ######.
 Conjure Ball Lightning   Conj/Air       #.........   100%        6    #######
 Eringya's Noxious Bog    Tmut/Pois      #.........   100%        6    #######
 Hydra Form               Tmut           #.........   100%        6    #######
 Iron Shot                Conj/Erth      #.........   100%        6    #######
 Statue Form              Tmut/Erth      #........    100%        6    #######
 Orb of Destruction       Conj           #.........   100%        7    #######
 Spellforged Servitor     Conj/Summ      #.........   100%        7    #######
 Summon Hydra             Summ           #.........   100%        7    #######
 Shatter                  Erth           #.........   100%        9    #######
 Tornado                  Air            #.........   100%        9    #######


Dungeon Overview and Level Annotations

Branches:
Dungeon (14/15)            Temple (1/1) D:6            Lair (6/6) D:8
  Swamp (4/4) Lair:4       Spider (4/4) Lair:2        Slime (0/5) Lair:5
    Orc (2/2) D:10            Elf (0/3) Orc:2        Vaults (0/5) D:13
  IceCv (visited)         Gauntlet (visited)

Altars:
Ashenzari
Cheibriados
Dithmenos
Elyvilon
Fedhas
Gozag
Hepliaklqana
Kikubaaqudgha
Makhleb
Nemelex Xobeh
Okawaru
Qazlal
Ru
Sif Muna
Trog
Uskayaw
Vehumet
Wu Jian
Xom
Yredelemnul
Zin
The Shining One
Beogh
Jiyva

Shops:
D:5 *   D:11 *   Orc:2 }?[[

Annotations:
D:9 2 transporters, Uniporpoise's ghost, novice DrTm
D:12 2 transporters, Cijiyg's ghost, journeyman TeVM
Orc:2 2 transporters, simcity's ghost, journeyman SpEn


Innate Abilities, Weirdness & Mutations

You have claws for feet.
You are surrounded by a strong repulsion field. (EV +4, RMsl)
A demonic guardian rushes to your aid.
Your flesh is heat resistant. (rF+)
You resist negative energy. (rN+)


Message History

The redback poisons your sixfirhy!
You feel you are being watched by something.
You feel your power leaking away.
An entropy weaver comes into view. It is quivering 7 silver javelins.
Arachne casts a spell at you.
The bolt of poison is repelled.
A redback comes into view.
The wolf spider barely misses you.
You riposte.
Your storm dragon scales prevents you from hitting the wolf spider.
You claw the wolf spider! The wolf spider bites you.
The entropy weaver gestures wildly while chanting.
The entropic weave corrodes you!
A redback comes into view.
You take 10 damage, and have 106/143 hp.
You now have 18/29 mp.
Aim: Arachne, wielding a staff of poison (moderately wounded, covered in liquid flames, lightly drained)
The fireball explodes!
The fireball engulfs Arachne!
Your demonic guardian avoids your attack.
You hear an angry hiss.
Arachne burns!
Your sixfirhy hits Arachne!
Your sixfirhy shocks Arachne!
Your sixfirhy hits Arachne.
Your sixfirhy shocks Arachne!
Your sixfirhy hits Arachne.
Your sixfirhy shocks Arachne!
You block the wolf spider's attack. x2
You feel you are being watched by something.
You feel your power leaking away.
Arachne says to your sixfirhy, "Come closer, little fly."
Arachne completely misses your sixfirhy.
You block the wolf spider's attack.
The wolf spider bites you but does no damage.
You take 6 damage, and have 100/143 hp.
You now have 10/29 mp.
A tarantella comes into view.
Arachne burns!
The jumping spider leaps!
A redback comes into view.
You feel you are being watched by something.
You feel your power leaking away.
Arachne hits your sixfirhy with an uncursed staff of poison.
Arachne envenoms your sixfirhy!
Your sixfirhy looks as sick as possible!
The spark wasp closely misses you. Arachne closely misses your sixfirhy.
You feel you are being watched by something.
The tarantella moves out of view.
You now have 0/29 mp.
You catch the helpless Arachne completely off-guard!
You slash Arachne! You burn Arachne! You claw Arachne.
Arachne burns!
The wolf spider barely misses you.
You riposte.
You hit the wolf spider. You burn the wolf spider.
Your kick misses the wolf spider.
The wolf spider bites you but does no damage.
A redback comes into view.
The spark wasp closely misses you.
You slice Arachne!! You burn Arachne! Your kick misses Arachne.
Your sixfirhy disappears in a puff of smoke!
Arachne points her staff at you, shooting a stream of webbing.
The stream of webbing hits you but does no damage.
You are caught in a web!
The spark wasp stings you! The spark wasp shocks you. You resist.
The wolf spider closely misses you. The wolf spider bites you.
You feel you are being watched by something.
You take 21 damage, and have 79/143 hp.
You struggle to detach yourself from the web.
Arachne burns!
You kill Arachne!
Makhleb accepts your kill.
You feel better.
Your Armour skill increases to level 6!
The wolf spider closely misses you.
The wolf spider bites you but does no damage.
The wolf spider hits you! The wolf spider completely misses you.
The spark wasp misses you.
An orb spider comes into view.
The wolf spider barely misses you. The wolf spider bites you.
The redback bites you but does no damage.
The jumping spider leaps!
The wolf spider hits you! The wolf spider bites you. The spark wasp stings you!
The spark wasp shocks you. You resist.
The wolf spider hits you but does no damage.
The wolf spider bites you but does no damage.
You take 15 damage, and have 64/143 hp.
Unknown command.
Okay, then.
As you read the scroll of teleportation, it crumbles to dust.
You feel strangely unstable.
The orb spider hisses angrily.
You hear an angry hiss.
The wolf spider barely misses you.
You riposte.
You hit the wolf spider but do no damage.
The wolf spider bites you. The redback bites you.
You feel you are being watched by something.
You feel your power leaking away.
A wolf spider comes into view.
The wolf spider hits you!
The wolf spider bites you but does no damage.
The wolf spider hits you. The wolf spider bites you.
* * * LOW HITPOINT WARNING * * *
The spark wasp stings you!!
* * * LOW HITPOINT WARNING * * *
The spark wasp shocks you. You resist.
* * * LOW HITPOINT WARNING * * *
You feel you are being watched by something.
The redback bites you but does no damage.
The entropy weaver casts a spell.
The entropic weave corrodes you! The wolf spider hits you!!
You die...

.^.^# y..###^ ....##
...^#.. .....# s......
#...## s.^.^.# #...## ##
s....^# #†..[###.##
##sss##
..††##^#..######{as..###
†††.#.^##.....†sys.....^
.......^..†.†.#s@s...###
...†.%.....†..^.|#...#
.........##.†......^..#
........#.#.........###
..........###..#.....#
.....^.....^#####...##
..^.........### #^.#
....§......^.^## ###
........^#.....#


You could see an entropy weaver, a spark wasp, 4 wolf spiders, a jumping spider,
a tarantella and 5 redbacks.

Vanquished Creatures
  Mara (Spider:3)
  Arachne (Spider:4)
  Jorgrun (Orc:2)
  Frances (D:12)
  The ghost of Wuanow the Severer, a journeyman HOFi of Okawaru (Spider:2)
  Aizul (Spider:1)
  An emperor scorpion (Spider:2)
  3 very ugly things
  4 entropy weavers (Spider:2)
  Nessos (D:13)
  A minotaur (Gauntlet)
  2 spark wasps
  Snorg (D:13)
  Josephine (D:12)
  Fannar (D:12)
  A great orb of eyes (Abyss:1)
  8 hydras
  3 ice dragons (Swamp:4)
  Harold (D:8)
  A merfolk avatar (Lair:6)
  2 shambling mangroves
  A centaur warrior (D:13)
  2 dancing weapons (D:13)
  3 two-headed ogres
  9 alligators
  An orc high priest (Orc:2)
  A death yak (D:10)
  Sonja (D:13)
  2 sea snakes (Lair:6)
  A fire crab (Gauntlet)
  An unseen horror (D:14)
  A flayed ghost (D:10)
  A wizard (D:14)
  3 swamp dragons
  2 orc knights (Orc:2)
  9 orb spiders
  A wolf spider zombie (D:13)
  2 oklob plants (Spider:2)
  14 ugly things
  2 orc sorcerers (Orc:2)
  3 cyclopes
  22 wolf spiders
  4 manticores
  6 black mambas
  4 elephants
  6 ice statues
  21 spiny frogs
  Joseph (D:9)
  3 centaur skeletons
  A torpor snail (Spider:3)
  5 freezing wraiths
  2 anaconda simulacra (IceCv)
  9 rime drakes
  10 komodo dragons
  A golden dragon simulacrum (IceCv)
  4 demonic crawlers
  24 jumping spiders
  7 trolls
  3 tyrant leeches
  5 polar bears
  A harpy skeleton (D:13)
  13 hornets
  12 slime creatures
  19 blink frogs
  8 bog bodies
  19 hippogriffs
  8 dream sheep
  57 redbacks
  A spriggan (Swamp:4)
  A dire elephant simulacrum (IceCv)
  2 shadows
  19 tarantellas
  A water elemental (D:13)
  10 wraiths
  2 fire elementals (Spider:3)
  13 wyverns
  29 yaks
  Grum (D:6)
  9 basilisks
  18 fire bats
  A steam dragon (Lair:4)
  4 swamp worm simulacra (Swamp:4)
  17 vampire mosquitoes
  17 insubstantial wisps
  3 wargs (Orc:1)
  4 harpy simulacra (IceCv)
  An iron troll simulacrum (IceCv)
  15 hydra simulacra (Swamp:4)
  20 swamp worms
  3 hell hounds
  An acid dragon (D:14)
  32 orc warriors
  16 water moccasins
  9 porcupines
  10 ice beasts
  5 swamp drakes
  2 black bears
  3 phantoms
  A slave (D:9)
  4 necrophages
  3 sky beasts
  11 ogres
  2 eyes of draining (D:12)
  11 wolves
  17 centaurs
  8 crocodiles
  4 big kobolds
  17 bullfrogs
  4 gnoll sergeants
  A wyvern zombie (D:11)
  6 scorpions
  A wyvern skeleton (D:9)
  11 wights
  5 killer bees
  A water moccasin skeleton (D:5)
  A howler monkey (D:7)
  8 electric eels
  4 crimson imps
  21 orc priests
  A wyvern simulacrum (D:8)
  A bullfrog zombie (D:6)
  A water moccasin simulacrum (D:8)
  20 hounds
  8 jellies
  A gnoll shaman (D:6)
  2 bullfrog skeletons
  23 orc wizards
  5 iguanas
  17 worker ants
  A killer bee zombie (D:9)
  A bullfrog simulacrum (D:10)
  A hound zombie (D:7)
  A hound skeleton (D:4)
  26 gnolls
  A howler monkey skeleton (D:7)
  11 adders
  2 hound simulacra (D:8)
  6 shadow imps
  4 white imps
  2 swamp drake simulacra (Swamp:4)
  3 worms
  3 leopard geckos
  96 orcs
  3 ball pythons
  6 giant cockroaches
  6 goblins
  8 hobgoblins
  23 jackals
  A quokka (D:8)
  60 bats
  3 frilled lizards (D:2)
  A jackal skeleton (D:4)
  21 kobolds
  A quokka skeleton (D:6)
  3 rats
  A plant (Lair:3)
1156 creatures vanquished.

Vanquished Creatures (collateral kills)
  A ghost moth (Spider:2)
  Azrael (Spider:3)
  4 hydras
  A centaur warrior (D:13)
  An alligator (Swamp:1)
  A two-headed ogre (D:10)
  A death yak (D:10)
  A fire crab (Gauntlet)
  Pikel (D:9)
  3 ugly things
  2 orc knights (Orc:2)
  A cyclops (Orc:2)
  3 wolf spiders
  2 elephants
  A black mamba (Lair:4)
  Maurice (D:9)
  A centaur skeleton (D:10)
  A spiny frog (Lair:6)
  A rime drake (Lair:6)
  A tengu conjurer (D:14)
  3 polar bears
  2 jumping spiders
  A hippogriff (Lair:5)
  7 blink frogs
  2 dream sheep (Lair:5)
  8 redbacks
  A spriggan (Swamp:2)
  3 tarantellas
  A fire bat (D:10)
  10 yaks
  A hungry ghost (D:14)
  A swamp worm simulacrum (Swamp:4)
  A vampire mosquito (Swamp:1)
  A swamp worm (Lair:4)
  An insubstantial wisp (Swamp:4)
  2 hell hounds (Spider:3)
  A hydra simulacrum (Swamp:4)
  A porcupine (Lair:4)
  2 ice beasts (D:8)
  7 orc warriors
  An ogre (D:5)
  3 wolves (D:10)
  2 centaurs
  3 crocodiles
  A big kobold (D:8)
  5 bullfrogs
  A gnoll sergeant (D:6)
  A hornet simulacrum (D:10)
  2 killer bees (D:9)
  A wight (D:6)
  4 orc priests
  3 orc wizards
  A gnoll shaman (D:6)
  2 hounds
  A jelly (D:10)
  A bullfrog skeleton (D:12)
  5 gnolls (D:6)
  A shadow imp (D:5)
  A swamp drake simulacrum (Swamp:4)
  An adder simulacrum (D:10)
  12 orcs
  A jackal (D:6)
  2 kobolds (D:8)
  A bat (D:10)
141 creatures vanquished.

Vanquished Creatures (others)
  2 tyrant leeches (Swamp:4)
  5 slime creatures (Swamp:4)
  A redback (Spider:4)
  A yak (D:8)
  A slave (D:9)
  A gnoll (D:6)
  An orc (Orc:2)
  A kobold (D:13)
  13 demonic plants (Gauntlet)
  9 fungi (Lair:6)
  14 plants
49 creatures vanquished.

Grand Total: 1346 creatures vanquished

Notes
Turn   | Place    | Note
-------+----------+-------------------------------------------
     0 | D:1      | Firecrotchwizard the Demonspawn Fighter began the quest for
                  | the Orb.
     0 | D:1      | Reached XP level 1. HP: 18/18 MP: 1/1
    94 | D:1      | Reached skill level 2 in Long Blades
   159 | D:1      | Gained mutation: A weak demonic guardian rushes to your
                  | aid. [demonic ancestry]
   159 | D:1      | Reached XP level 2. HP: 24/24 MP: 2/2
   360 | D:1      | HP: 4/24 [jackal (3)]
   368 | D:1      | HP: 1/24 [jackal (1)]
   373 | D:1      | HP: 2/36 [jackal (1)]
   381 | D:1      | HP: 1/36 [hobgoblin/+0 club (2)]
   997 | D:2      | Reached skill level 3 in Shields
  1049 | D:2      | HP: 6/24 [adder (2)]
  1051 | D:2      | Reached XP level 3. HP: 6/29 MP: 3/3
  1533 | D:2      | Reached skill level 3 in Long Blades
  1695 | D:2      | Gained mutation: You are surrounded by a mild repulsion
                  | field. (EV +2) [demonic ancestry]
  1695 | D:2      | Reached XP level 4. HP: 35/35 MP: 4/4
  1938 | D:3      | Gained mutation: You are surrounded by a moderate repulsion
                  | field. (EV +3) [demonic ancestry]
  1938 | D:3      | Reached XP level 5. HP: 31/42 MP: 5/5
  2197 | D:3      | Reached skill level 4 in Fighting
  2271 | D:3      | Reached skill level 4 in Long Blades
  2390 | D:3      | Gained mutation: You have sharp toenails. [demonic
                  | ancestry]
  2390 | D:3      | Reached XP level 6. HP: 33/48 MP: 6/6
  2862 | D:4      | Found a basalt altar of Yredelemnul.
  2930 | D:4      | Reached skill level 4 in Shields
  2987 | D:4      | Got an encrusted flail
  2988 | D:4      | Identified the cursed +0 flail "Ozxum" {freeze, +Rage rF+
                  | MR+ Int+2} (You found it on level 4 of the Dungeon)
  3339 | D:5      | Entered Level 5 of the Dungeon
  3686 | D:5      | Reached skill level 5 in Long Blades
  3686 | D:5      | Gained mutation: A demonic guardian rushes to your aid.
                  | [demonic ancestry]
  3686 | D:5      | Reached XP level 7. HP: 53/55 MP: 7/7
  4102 | D:5      | Reached skill level 5 in Fighting
  4132 | D:5      | Found Seunuxke's General Store.
  4732 | D:6      | Reached skill level 6 in Long Blades
  4764 | D:5      | Reached skill level 5 in Shields
  4764 | D:5      | Reached XP level 8. HP: 21/63 MP: 8/8
  5023 | D:6      | Found a staircase to the Ecumenical Temple.
  5030 | Temple   | Entered the Ecumenical Temple
  5288 | Temple   | Became a worshipper of Makhleb the Destroyer
  5692 | D:6      | Cast into level 1 of the Abyss (gnoll sergeant)
  5708 | Abyss:1  | Noticed a great orb of eyes
  5715 | Abyss:1  | HP: 8/64 [disintegration (29)]
  5721 | Abyss:1  | Paralysed by a great orb of eyes for 6 turns
  5725 | Abyss:1  | Killed a great orb of eyes
  5725 | Abyss:1  | Reached skill level 6 in Fighting
  5725 | Abyss:1  | Reached skill level 7 in Long Blades
  5729 | D:6      | Escaped the Abyss
  5731 | D:6      | HP: 13/65 [gnoll (6)]
  5735 | D:6      | Reached skill level 6 in Shields
  5757 | D:6      | Gained mutation: Your flesh is heat resistant. (rF+)
                  | [demonic ancestry]
  5757 | D:6      | Reached XP level 9. HP: 27/71 MP: 9/9
  5991 | D:6      | Reached skill level 8 in Long Blades
  6012 | D:6      | Reached * piety under Makhleb
  6184 | D:6      | Noticed Grum
  6194 | D:6      | Killed Grum
  6194 | D:6      | Reached skill level 7 in Fighting
  6802 | D:6      | Reached ** piety under Makhleb
  7001 | D:6      | You fall into a shaft and drop 2 floors!
  7071 | D:7      | Reached skill level 9 in Long Blades
  7528 | D:6      | Found a shimmering altar of Xom.
  7528 | D:6      | Found a shimmering altar of Xom.
  7530 | D:6      | Found a shimmering altar of Xom.
  7644 | D:6      | Found a shimmering altar of Xom.
  7644 | D:6      | Found a shimmering altar of Xom.
  7645 | D:6      | Found a shimmering altar of Xom.
  7994 | D:7      | Reached skill level 7 in Shields
  8151 | D:7      | Got a steaming chain mail
  8162 | D:7      | Identified the +5 chain mail of the King of the Hill {Harm}
                  | (You found it on level 7 of the Dungeon)
  8470 | D:8      | Reached *** piety under Makhleb
  8505 | D:8      | Gained mutation: You are surrounded by a strong repulsion
                  | field. (EV +4, RMsl) [demonic ancestry]
  8505 | D:8      | Reached XP level 10. HP: 80/80 MP: 10/10
  8528 | D:8      | Noticed Harold
  8540 | D:8      | Killed Harold
  8540 | D:8      | Reached skill level 8 in Fighting
  8635 | D:8      | Reached skill level 10 in Long Blades
  8749 | D:8      | Found a staircase to the Lair.
  8749 | D:8      | Noticed an elephant
  8772 | D:8      | Killed an elephant
  9114 | D:8      | Found a shadowy altar of Dithmenos.
  9115 | D:8      | Found a hazy altar of Hepliaklqana.
  9270 | D:9      | Found a transporter.
  9273 | D:9      | Noticed Uniporpoise's ghost (novice DrTm)
  9283 | D:9      | Reached **** piety under Makhleb
  9305 | D:9      | Reached skill level 1 in Invocations
  9312 | D:9      | Noticed Pikel
  9320 | D:9      | Killed Pikel
  9320 | D:9      | Reached skill level 8 in Shields
  9320 | D:9      | Reached skill level 2 in Invocations
  9374 | D:9      | Noticed Joseph
  9378 | D:9      | Killed Joseph
  9457 | D:9      | Reached skill level 9 in Fighting
  9491 | D:9      | Found a transporter.
  9494 | D:9      | Noticed Maurice
  9530 | D:9      | Noticed a four-headed hydra
  9539 | D:9      | Killed a four-headed hydra
  9539 | D:9      | Reached skill level 11 in Long Blades
  9539 | D:9      | Reached skill level 3 in Invocations
  9539 | D:9      | Gained mutation: You have razor-sharp toenails. [demonic
                  | ancestry]
  9539 | D:9      | Reached XP level 11. HP: 78/89 MP: 13/13
  9609 | D:9      | Killed Maurice
  9917 | D:10     | Entered Level 10 of the Dungeon
  9960 | D:10     | Noticed a two-headed ogre
  9967 | D:10     | Killed a two-headed ogre
  9967 | D:10     | Reached skill level 4 in Invocations
  9994 | D:10     | Noticed a death yak
  9998 | D:10     | Reached ***** piety under Makhleb
 10002 | D:10     | Killed a death yak
 10251 | D:10     | Found a runed translucent door.
 10255 | D:10     | Found an opulent altar of Gozag.
 10273 | D:10     | Found a glowing silver altar of Zin.
 10336 | D:10     | Reached skill level 5 in Invocations
 10388 | D:10     | Found a sacrificial altar of Ru.
 10417 | D:10     | Found an ornate altar of the Wu Jian Council.
 10476 | D:10     | Found a burning altar of Makhleb.
 10508 | D:10     | Found a shattered altar of Ashenzari.
 10657 | D:10     | Noticed a death yak
 10665 | D:10     | Reached skill level 9 in Shields
 10668 | D:10     | Killed a death yak
 10668 | D:10     | Reached skill level 12 in Long Blades
 10668 | D:10     | Reached skill level 6 in Invocations
 10842 | D:10     | Found a staircase to the Orcish Mines.
 11182 | D:10     | Reached ****** piety under Makhleb
 11219 | D:10     | Noticed a flayed ghost
 11225 | D:10     | Killed a flayed ghost
 11225 | D:10     | Reached skill level 10 in Fighting
 11254 | D:10     | Got an ichor-stained hunting sling
 11255 | D:10     | Identified the +5 hunting sling "Giantbane" {venom, *Slow
                  | MR++ Dex+3 Stlth+} (You found it on level 10 of the
                  | Dungeon)
 11332 | Lair:1   | Entered Level 1 of the Lair of Beasts
 11363 | Lair:1   | Reached XP level 12. HP: 97/97 MP: 16/16
 11469 | Lair:1   | Noticed a six-headed hydra
 11478 | Lair:1   | Killed an eight-headed hydra
 11589 | Lair:1   | Reached skill level 7 in Invocations
 12153 | Lair:2   | Identified 3 scrolls of acquirement
 12567 | Lair:2   | Reached skill level 13 in Long Blades
 12682 | Lair:2   | Found a hole to the Spider Nest.
 12690 | Lair:2   | Reached skill level 8 in Invocations
 12872 | Lair:3   | Found a gate leading to a gauntlet.
 12876 | Gauntlet | Entered a Gauntlet
 12876 | Gauntlet | Found a transporter.
 12876 | Gauntlet | Found a transporter.
 12876 | Gauntlet | Found a transporter.
 12877 | Gauntlet | Found a transporter.
 12878 | Gauntlet | Found a transporter.
 12882 | Gauntlet | Found a transporter.
 12888 | Gauntlet | Found a transporter.
 12890 | Gauntlet | Found a transporter.
 12890 | Gauntlet | Found a transporter.
 12892 | Gauntlet | Found a transporter.
 12898 | Gauntlet | Found a runed translucent gate.
 12900 | Gauntlet | Found a transporter.
 12901 | Gauntlet | Found a runed translucent gate.
 12902 | Gauntlet | Found a runed translucent gate.
 12905 | Gauntlet | Found a transporter.
 12906 | Gauntlet | Noticed a dire elephant
 13254 | Gauntlet | Reached skill level 10 in Shields
 13347 | Gauntlet | Got a heavily runed hat
 13349 | Gauntlet | Got a vibrating pewter ring
 13366 | Gauntlet | Identified the +0 hat of Rihogo {rC- rN+ Slay+5} (You found
                  | it in a Gauntlet)
 13367 | Gauntlet | Identified the ring of Plog {rF+ rC+} (You found it in a
                  | Gauntlet)
 13368 | Gauntlet | Noticed a minotaur
 13382 | Gauntlet | Killed a minotaur
 13401 | Gauntlet | Got a smoking longbow
 13481 | Lair:3   | Reached skill level 14 in Long Blades
 13848 | Lair:3   | Reached skill level 9 in Invocations
 13863 | Lair:3   | Reached skill level 11 in Fighting
 13872 | Lair:3   | Gained mutation: You have claws for feet. [demonic
                  | ancestry]
 13872 | Lair:3   | Reached XP level 13. HP: 106/106 MP: 19/19
 14998 | Lair:4   | Identified the +0 longbow "Newtbane" {freeze, rC+ Int+3}
                  | (You found it in a Gauntlet)
 15296 | Lair:4   | Reached skill level 3 in Armour
 15467 | Lair:4   | Found a staircase to the Swamp.
 15541 | Lair:4   | Reached skill level 10 in Invocations
 15880 | Lair:5   | Found a viscous altar of Jiyva.
 15880 | Lair:5   | Found a staircase to the Slime Pits.
 16081 | Lair:5   | Reached skill level 4 in Armour
 16711 | Lair:6   | Entered Level 6 of the Lair of Beasts
 16731 | Lair:6   | Reached skill level 11 in Shields
 16737 | Lair:6   | Reached skill level 11 in Invocations
 16794 | Lair:6   | Reached skill level 12 in Fighting
 16807 | Lair:6   | Reached skill level 5 in Armour
 16907 | Lair:6   | Paralysed by a hornet for 1 turns
 17057 | Lair:6   | Reached skill level 1 in Dodging
 17057 | Lair:6   | Gained mutation: You resist negative energy. (rN+) [demonic
                  | ancestry]
 17057 | Lair:6   | Reached XP level 14. HP: 115/115 MP: 22/22
 17197 | Lair:6   | Reached skill level 2 in Dodging
 17861 | Lair:6   | Reached skill level 12 in Invocations
 17865 | Lair:6   | Reached skill level 3 in Dodging
 18724 | D:11     | Found Nimyrgh's Assorted Antiques.
 18741 | D:11     | Bought a scroll of identify for 54 gold pieces
 18741 | D:11     | Bought a scroll of teleportation for 81 gold pieces
 18741 | D:11     | Bought a scroll of identify for 54 gold pieces
 19551 | D:12     | Reached skill level 4 in Dodging
 19568 | D:12     | Noticed Josephine
 19572 | D:12     | Killed Josephine
 19634 | D:12     | Noticed Fannar
 19639 | D:12     | Killed Fannar
 19760 | D:12     | Found a transporter.
 19767 | D:12     | Noticed Cijiyg's ghost (journeyman TeVM)
 19854 | D:12     | Found a transporter.
 20083 | D:12     | Noticed Frances
 20091 | D:12     | Killed Frances
 20181 | D:13     | Noticed Sonja
 20188 | D:13     | Killed Sonja
 20188 | D:13     | Reached skill level 12 in Shields
 20232 | D:13     | Noticed Snorg
 20243 | D:13     | Killed Snorg
 20245 | D:13     | Reached skill level 13 in Fighting
 20306 | D:13     | Reached skill level 13 in Invocations
 20606 | D:13     | Noticed Nessos
 20609 | D:13     | Identified the +6 falchion "Headan" {drain, rElec Dex+3}
 20609 | D:13     | Killed Nessos
 20609 | D:13     | Reached skill level 5 in Dodging
 20924 | D:13     | Found a gate to the Vaults.
 20932 | D:13     | Reached XP level 15. HP: 103/123 MP: 24/24
 21846 | D:14     | Reached skill level 6 in Dodging
 22135 | Orc:1    | Entered Level 1 of the Orcish Mines
 22351 | Orc:2    | Entered Level 2 of the Orcish Mines
 22530 | Orc:2    | Noticed Jorgrun
 22542 | Orc:2    | Killed Jorgrun
 22623 | Orc:2    | Reached skill level 14 in Invocations
 22657 | Orc:2    | Found a transporter.
 22663 | Orc:2    | Noticed simcity's ghost (journeyman SpEn)
 22664 | Orc:2    | Found a transporter.
 22768 | Orc:2    | Found Ifyufaabb's Magic Scroll Emporium.
 22768 | Orc:2    | Found Jusac's Antique Armour Shop.
 22770 | Orc:2    | Found Eroyckor's Armour Boutique.
 22772 | Orc:2    | Found Wivallea's Gadget Shoppe.
 22776 | Orc:2    | Bought a scroll of enchant weapon for 112 gold pieces
 22776 | Orc:2    | Bought a scroll of teleportation for 45 gold pieces
 22776 | Orc:2    | Bought a scroll of enchant weapon for 112 gold pieces
 22776 | Orc:2    | Bought a scroll of brand weapon for 300 gold pieces
 22776 | Orc:2    | Bought 2 scrolls of brand weapon for 600 gold pieces
 22776 | Orc:2    | Bought a scroll of enchant weapon for 112 gold pieces
 22776 | Orc:2    | Bought a scroll of teleportation for 45 gold pieces
 22777 | Orc:2    | Bought a pair of runed gloves for 172 gold pieces
 23052 | Orc:2    | Found a staircase to the Elven Halls.
 23100 | Orc:2    | Found a roughly hewn altar of Beogh.
 23914 | Swamp:1  | Entered Level 1 of the Swamp
 24046 | Swamp:1  | Reached skill level 7 in Dodging
 24330 | Swamp:1  | Reached skill level 14 in Fighting
 24342 | Swamp:1  | Reached skill level 13 in Shields
 25198 | Swamp:2  | Reached XP level 16. HP: 133/133 MP: 27/27
 25733 | Swamp:3  | Reached skill level 15 in Invocations
 26365 | Swamp:4  | Entered Level 4 of the Swamp
 26417 | Swamp:4  | Reached skill level 8 in Dodging
 26631 | Swamp:4  | Got a decaying rune of Zot
 27394 | Spider:1 | Entered Level 1 of the Spider Nest
 27398 | Spider:1 | Noticed Aizul
 27411 | Spider:1 | Killed Aizul
 28023 | Spider:1 | Got a bloodstained scale mail
 28024 | Spider:1 | Identified the +7 scale mail of the Sea {rF+ Str+6 Int-3}
                  | (You found it on level 1 of the Spider Nest)
 28528 | Spider:2 | Reached skill level 9 in Dodging
 28578 | Spider:2 | Reached skill level 16 in Invocations
 28868 | Spider:2 | Reached skill level 15 in Fighting
 29232 | Spider:2 | Found a runed translucent door.
 29234 | Spider:2 | Noticed Wuanow's ghost (journeyman HOFi)
 29246 | Spider:2 | Killed Wuanow's ghost
 29358 | Spider:2 | Reached skill level 14 in Shields
 29984 | Spider:3 | Reached XP level 17. HP: 142/142 MP: 29/29
 30044 | Spider:3 | Found a frozen archway.
 30071 | IceCv    | Entered an ice cave
 30423 | IceCv    | Found the amulet of the Air {Inacc +Fly rElec EV+5 RMsl}
 30607 | Spider:3 | Noticed Azrael
 30618 | Spider:3 | Killed Azrael
 31094 | Spider:3 | Noticed Mara
 31108 | Spider:3 | Noticed Firecrotchwizard's illusion
 31124 | Spider:3 | Killed Mara
 31124 | Spider:3 | Reached skill level 10 in Dodging
 31448 | Spider:4 | Entered Level 4 of the Spider Nest
 31818 | Spider:4 | Noticed Arachne
 31832 | Spider:4 | Killed Arachne
 31832 | Spider:4 | Reached skill level 6 in Armour
 31833 | Spider:4 | HP: 17/143 [spark wasp (25)]
 31833 | Spider:4 | Mangled by a wolf spider

Illustrated notes

Levels and vault maps discovered:
D:1:      kennysheep_arrival_forest, layout_basic
D:2:      layout_rooms, first_ration
D:3:      layout_loops_ring, serial_glass, glass_columns_a, glass_columns_a,
          glass_columns_b, glass_columns_c, glass_columns_c, glass_columns_a,
          glass_columns_b, glass_columns_a, glass_columns_a, glass_columns_a,
          glass_columns_a, glass_columns_a, glass_columns_a, glass_columns_b
D:4:      layout_basic, yredelemnul_altar_generic
D:5:      layout_layer_cave, serial_shops, nicolae_shop_crystal
D:6:      layout_cave_pools, xom_redecorated, minmay_temple_entry_tees,
          serial_gnoll_camp, gnoll_camp_huts_moat, gnoll_camp_mini_hut,
          gnoll_camp_mini_loothouse, gnoll_camp_mini_doghouse, grums_kennel,
          gnoll_camp_medium_02
D:7:      layout_cave_pools
D:8:      layout_basic, riverfiend_overflow_shadow_ancestor, david_lair_generic,
          serial_ice, serial_ice_n, serial_ice_l, serial_ice_d, serial_ice_g,
          uniq_harold
D:9:      layout_cave_pools, gammafunk_ghost_stat_death, grunt_ogre_cave,
          chequers_arboretum, uniq_maurice, uniq_pikel, uniq_joseph
D:10:     due_megacathedral, layout_rooms, hiddenorc1_lemuel, serial_ice,
          serial_ice_k, serial_ice_b, serial_ice_f, serial_ice_h, serial_ice_g
D:11:     layout_roguey, serial_shops, shop
D:12:     layout_rooms, gammafunk_ghost_berserking_beasts,
          statue_in_the_mist_lemuel, uniq_josephine, uniq_frances, uniq_fannar
D:13:     layout_rooms, erik_vaults_1, serial_bayou, serial_bayou_lake_a,
          serial_bayou_crossing, serial_bayou_pond_a, serial_bayou_ford_a,
          serial_bayou_shore_b, serial_bayou_pond_b, uniq_nessos, uniq_sonja,
          uniq_snorg
D:14:     layout_stronghold, minmay_misc_feat_iff
Temple:   dpeg_five_rooms_temple
Lair:1:   layout_roguey, grunt_megastairs_4, infiniplex_staircase_pool
Lair:2:   layout_cave_shapes, nicolae_spider_entry_non_spiders,
          hangedman_lair_generics_rect, grunt_megastairs_1
Lair:3:   layout_loops_ring, gauntlet_entry_generic, lemuel_fruit_fields
Lair:4:   layout_cave_pods, palyth_hydra_swamp_entry, beast_lair_carwin_5
Lair:5:   layout_roguey, dpeg_slime_entry_enclosed_altar, special_room
          [special_room_mythical_zoo], serial_bayou_shore_a, lemuel_fruit_fields
Lair:6:   gammafunk_lair_ancient_temple, layout_cave_pods
Swamp:1:  layout_basic_swamp, infiniplex_staircase_pool_2
Swamp:2:  layout_basic_swamp, nicolae_swamp_triple_paths
Swamp:3:  layout_basic_swamp, evilmike_swamp_ruin_house_1
Swamp:4:  swamp_icy, layout_basic_swamp
Spider:1: layout_spider_delve, uniq_aizul
Spider:2: spider_temple_joshua, ebering_ghost_reflecting_pool,
          nicolae_spider_webbed_stairs
Spider:3: layout_spider_delve, portal_ice_cave_entry_pillars_four, uniq_azrael,
          uniq_mara
Spider:4: johnstein_spider_rune_arachne_lair
Orc:1:    layout_diamond_mine
Orc:2:    st_orc_rangers, layout_caves, gammafunk_ghost_smash, mines1_david,
          uniq_jorgrun

Skill      XL: |  1  2  3  4  5  6  7  8  9 10 11 12 13 14 15 16 17 |
---------------+----------------------------------------------------+-----
Long Blades    | 2 3 4 5 6 7 9 11 12 14 | 14.7
Shields        | 3 4 5 6 7 8 9 10 11 12 13 14 | 14.6
Fighting       | 4 5 6 7 9 10 11 12 13 14 15 | 15.7
Invocations    | 3 6 9 11 13 14 16 | 16.8
Armour         | 5 6 |  6.0
Dodging        | 1 5 7 9 10 | 10.0

Action                   |  1- 3 |  4- 6 |  7- 9 | 10-12 | 13-15 | 16-18 || total
-------------------------+-------+-------+-------+-------+-------+-------++-------
Melee: Long sword        |   131 |    32 |       |       |       |       ||   163
       Dagger            |       |    74 |   235 |    46 |    34 |       ||   389
       Kick              |       |    10 |   122 |   253 |   444 |   299 ||  1128
       Scimitar          |       |       |    88 |   581 |    36 |       ||   705
       Demon blade       |       |       |       |       |  1063 |   724 ||  1787
Throw: Javelin           |       |       |       |     1 |    13 |     4 ||    18
Invok: Lesser Servant of |       |       |       |       |     3 |       ||     3
       Major Destruction |       |       |       |       |     6 |     5 ||    11
       Minor Destruction |       |       |       |       |     8 |       ||     8
       Greater Servant o |       |       |       |       |     1 |     3 ||     4
Evoke: Wand              |       |       |       |       |     6 |       ||     6
  Use: Potion            |     4 |       |     3 |       |       |     4 ||    11
       Scroll            |     2 |     2 |     7 |     6 |    29 |     3 ||    49
 Stab: Distracted        |       |     1 |       |     2 |     5 |     4 ||    12
       Confused          |       |       |       |       |     3 |       ||     3
  Eat: Chunk             |     3 |     6 |     9 |    17 |    37 |    12 ||    84
       Ration            |       |       |     2 |       |       |     3 ||     5
Armor: Scale mail        |    66 |    17 |       |       |       |       ||    83
       Skin              |     7 |       |       |       |       |       ||     7
       Chain mail        |       |     8 |    59 |       |       |       ||    67
       Fire dragon scale |       |       |     9 |    99 |       |       ||   108
       Storm dragon scal |       |       |       |    58 |   211 |   213 ||   482
Dodge: Dodged            |    53 |    43 |    78 |   158 |   301 |   320 ||   953
       Repelled          |       |       |       |     8 |    20 |    11 ||    39
Block: Kite shield       |    95 |    68 |   260 |   516 |   846 |   591 ||  2376
       Reflection        |       |     6 |    21 |    25 |   109 |     6 ||   167
       Rpst.: Long sword |    21 |     5 |       |       |       |       ||    26
       Scimitar          |       |       |     5 |    35 |     2 |       ||    42
       Demon blade       |       |       |       |       |    66 |    66 ||   132

Table legend:
 A = Non-vault XP
 B = Vault XP
 C = Vault XP percentage of total XP
 D = Non-vault monster count
 E = Vault monster count
 F = Vault count percentage of total count
                 A         B        C        D         E       F
            +---------+---------+-------+---------+---------+-------
      Total |  153532 |  104540 |  40.5 |     929 |     369 |  28.4
            +---------+---------+-------+---------+---------+-------
        D:1 |      31 |       0 |   0.0 |      18 |       0 |   0.0
        D:2 |      83 |       0 |   0.0 |      23 |       0 |   0.0
        D:3 |     285 |       0 |   0.0 |      24 |       0 |   0.0
        D:4 |     147 |       0 |   0.0 |      10 |       0 |   0.0
        D:5 |     606 |       0 |   0.0 |      11 |       0 |   0.0
        D:6 |     607 |    1670 |  73.3 |      33 |      55 |  62.5
        D:7 |     896 |       0 |   0.0 |      25 |       0 |   0.0
        D:8 |    1013 |    2039 |  66.8 |      26 |      16 |  38.1
        D:9 |    2861 |    1603 |  35.9 |      42 |       4 |   8.7
       D:10 |    4724 |    4116 |  46.6 |      96 |      38 |  28.4
       D:11 |    6262 |       0 |   0.0 |      52 |       0 |   0.0
       D:12 |    2382 |    4379 |  64.8 |      31 |       7 |  18.4
       D:13 |    7235 |    5360 |  42.6 |      47 |       7 |  13.0
       D:14 |   12065 |       0 |   0.0 |      32 |       0 |   0.0
     Lair:1 |    3451 |     941 |  21.4 |      19 |       5 |  20.8
     Lair:2 |    3465 |    1548 |  30.9 |      14 |      13 |  48.1
     Lair:3 |    3742 |       0 |   0.0 |      13 |       0 |   0.0
     Lair:4 |    5332 |    4108 |  43.5 |      25 |      13 |  34.2
     Lair:5 |    3655 |    5391 |  59.6 |      16 |      24 |  60.0
     Lair:6 |   11575 |    9832 |  45.9 |      45 |      27 |  37.5
    Swamp:1 |   11573 |       0 |   0.0 |      44 |       0 |   0.0
    Swamp:2 |   13930 |       0 |   0.0 |      37 |       0 |   0.0
    Swamp:3 |    5478 |       0 |   0.0 |      13 |       0 |   0.0
    Swamp:4 |    7881 |    7184 |  47.7 |      27 |      31 |  53.4
   Spider:1 |    7382 |    1524 |  17.1 |      28 |       1 |   3.4
   Spider:2 |    8850 |   17633 |  66.6 |      32 |      29 |  47.5
   Spider:3 |   10927 |    7654 |  41.2 |      31 |       8 |  20.5
   Spider:4 |    8040 |   10408 |  56.4 |      31 |      21 |  40.4
      Orc:1 |    2513 |       0 |   0.0 |      41 |       0 |   0.0
      Orc:2 |    5856 |    7280 |  55.4 |      42 |      35 |  45.5
    Abyss:1 |     685 |       0 |   0.0 |       1 |       0 |   0.0
      IceCv |       0 |    7532 | 100.0 |       0 |      22 | 100.0
   Gauntlet |       0 |    4338 | 100.0 |       0 |      13 | 100.0
            +---------+---------+-------+---------+---------+-------

Levels and vault maps discovered:
D:1:      kennysheep_arrival_forest, layout_basic
D:2:      layout_rooms, first_ration
D:3:      layout_loops_ring, serial_glass, glass_columns_a, glass_columns_a,
          glass_columns_b, glass_columns_c, glass_columns_c, glass_columns_a,
          glass_columns_b, glass_columns_a, glass_columns_a, glass_columns_a,
          glass_columns_a, glass_columns_a, glass_columns_a, glass_columns_b
D:4:      layout_basic, yredelemnul_altar_generic
D:5:      layout_layer_cave, serial_shops, nicolae_shop_crystal
D:6:      layout_cave_pools, xom_redecorated, minmay_temple_entry_tees,
          serial_gnoll_camp, gnoll_camp_huts_moat, gnoll_camp_mini_hut,
          gnoll_camp_mini_loothouse, gnoll_camp_mini_doghouse, grums_kennel,
          gnoll_camp_medium_02
D:7:      layout_cave_pools
D:8:      layout_basic, riverfiend_overflow_shadow_ancestor, david_lair_generic,
          serial_ice, serial_ice_n, serial_ice_l, serial_ice_d, serial_ice_g,
          uniq_harold
D:9:      layout_cave_pools, gammafunk_ghost_stat_death, grunt_ogre_cave,
          chequers_arboretum, uniq_maurice, uniq_pikel, uniq_joseph
D:10:     due_megacathedral, layout_rooms, hiddenorc1_lemuel, serial_ice,
          serial_ice_k, serial_ice_b, serial_ice_f, serial_ice_h, serial_ice_g
D:11:     layout_roguey, serial_shops, shop
D:12:     layout_rooms, gammafunk_ghost_berserking_beasts,
          statue_in_the_mist_lemuel, uniq_josephine, uniq_frances, uniq_fannar
D:13:     layout_rooms, erik_vaults_1, serial_bayou, serial_bayou_lake_a,
          serial_bayou_crossing, serial_bayou_pond_a, serial_bayou_ford_a,
          serial_bayou_shore_b, serial_bayou_pond_b, uniq_nessos, uniq_sonja,
          uniq_snorg
D:14:     layout_stronghold, minmay_misc_feat_iff
Temple:   dpeg_five_rooms_temple
Lair:1:   layout_roguey, grunt_megastairs_4, infiniplex_staircase_pool
Lair:2:   layout_cave_shapes, nicolae_spider_entry_non_spiders,
          hangedman_lair_generics_rect, grunt_megastairs_1
Lair:3:   layout_loops_ring, gauntlet_entry_generic, lemuel_fruit_fields
Lair:4:   layout_cave_pods, palyth_hydra_swamp_entry, beast_lair_carwin_5
Lair:5:   layout_roguey, dpeg_slime_entry_enclosed_altar, special_room
          [special_room_mythical_zoo], serial_bayou_shore_a, lemuel_fruit_fields
Lair:6:   gammafunk_lair_ancient_temple, layout_cave_pods
Swamp:1:  layout_basic_swamp, infiniplex_staircase_pool_2
Swamp:2:  layout_basic_swamp, nicolae_swamp_triple_paths
Swamp:3:  layout_basic_swamp, evilmike_swamp_ruin_house_1
Swamp:4:  swamp_icy, layout_basic_swamp
Spider:1: layout_spider_delve, uniq_aizul
Spider:2: spider_temple_joshua, ebering_ghost_reflecting_pool,
          nicolae_spider_webbed_stairs
Spider:3: layout_spider_delve, portal_ice_cave_entry_pillars_four, uniq_azrael,
          uniq_mara
Spider:4: johnstein_spider_rune_arachne_lair
Orc:1:    layout_diamond_mine
Orc:2:    st_orc_rangers, layout_caves, gammafunk_ghost_smash, mines1_david,
          uniq_jorgrun

Table legend:
 A = Turns spent in this place as a percentage of turns spent in the entire game.
 B = Non-inter-level travel turns spent in this place as a percentage of non-inter-level travel turns spent in the entire game.
 C = Inter-level travel turns spent in this place as a percentage of turns spent in this place.
 D = Turns resting spent in this place as a percentage of non-inter-level travel turns spent in this place.
 E = Turns spent auto-exploring this place as a percentage of non-inter-level travel turns spent in this place.
 F = Non-inter-level travel turns spent in this place divided by the number of levels of this place that you've seen.
                   A       B       C       D       E      F
               +-------+-------+-------+-------+-------+----------------------
         Total | 100.0 | 100.0 |   5.5 |  16.6 |  59.5 | 885.2
       Dungeon |  46.1 |  46.1 |   5.5 |  19.2 |  57.3 | 990.9
        Temple |   1.0 |   0.8 |  26.9 |   0.0 |  98.7 | 226.0
          Lair |  21.4 |  21.2 |   6.4 |  13.8 |  67.7 | 1064.8
         Swamp |  10.7 |  10.7 |   5.6 |   7.8 |  64.8 | 801.8
   Spider Nest |  12.5 |  12.9 |   2.9 |  17.4 |  58.2 | 968.2
  Orcish Mines |   5.1 |   5.0 |   6.1 |   9.0 |  60.1 | 756.5
         Abyss |   0.1 |   0.1 |   0.0 |   0.0 |   0.0 |  37.0
      Ice Cave |   1.4 |   1.5 |   0.0 |  47.7 |   0.0 | 451.0
      Gauntlet |   1.7 |   1.8 |   0.0 |  34.2 |  30.2 | 527.0
               +-------+-------+-------+-------+-------+----------------------

Table legend:
 A = Kills in this place as a percentage of kills in entire the game.
 B = Kills by you in this place as a percentage of kills by you in the entire game.
 C = Kills by friends in this place as a percentage of kills by friends in the entire game.
 D = Other kills in this place as a percentage of other kills in the entire game.
 E = Experience gained in this place as a percentage of experience gained in the entire game.
 F = Experience gained in this place divided by the number of levels of this place that you have seen.
                   A       B       C       D       E      F
               +-------+-------+-------+-------+-------+----------------------
         Total | 100.0 | 100.0 | 100.0 | 100.0 | 100.0 | 7590.4
       Dungeon |  46.0 |  46.2 |  46.1 |  18.2 |  22.6 | 4168.9
          Lair |  16.5 |  15.9 |  17.0 |  72.7 |  20.6 | 8840.0
         Swamp |  11.7 |  12.3 |   7.8 |   0.0 |  17.8 | 11511.5
   Spider Nest |  13.9 |  14.0 |  14.2 |   9.1 |  28.1 | 18104.5
  Orcish Mines |   9.1 |   8.6 |  14.2 |   0.0 |   6.1 | 7824.5
         Abyss |   0.1 |   0.1 |   0.0 |   0.0 |   0.3 | 685.0
      Ice Cave |   1.7 |   1.9 |   0.0 |   0.0 |   2.9 | 7532.0
      Gauntlet |   1.0 |   1.0 |   0.7 |   0.0 |   1.7 | 4338.0
               +-------+-------+-------+-------+-------+----------------------
